 Dungeon Crawl Stone Soup version 0.24.0-13-gcf9b319 (webtiles) character file.

Game seed: 12920258328571389211, levelgen mode: deterministic

335 Bronimir the Stinger (level 6, -1/44 HPs)
             Began as a Formicid Venom Mage on Apr 18, 2020.
             Slain by an orc
             ... wielding a +0 falchion
              (5 damage)
             ... on level 5 of the Dungeon.
             The game lasted 00:09:18 (4430 turns).

Bronimir the Stinger (Formicid Venom Mage)          Turns: 4430, Time: 00:09:19

Health: -1/44      AC:  3    Str: 13 (14) XL:     6   Next: 84%
Magic:  10/10      EV: 11    Int: 18 (20) God:
Gold:   138        SH:  0    Dex:  1 (11) Spells: 1/11 levels left

rFire    + . .     SeeInvis +   a - +0 spear
rCold    + . .     Gourm    .   (no shield)
rNeg     . . .     Faith    .   d - +0 robe
rPois    .         Spirit   .   (helmet unavailable)
rElec    .         Reflect  .   (no cloak)
rCorr    .         Harm     .   k - +0 pair of gloves
MR       .....                  (no boots)
Stlth    +.........             (no amulet)
HPRegen  0.14/turn              e - ring of protection from cold
MPRegen  0.12/turn              j - ring of protection from fire

@: brilliant
A: permanent stasis, dig shafts and tunnels, four strong arms, antennae 3
a: Dig, Shaft Self


You were on level 5 of the Dungeon.
You were hungry.

You visited 1 branch of the dungeon, and saw 5 of its levels.

You collected 138 gold pieces.

Inventory:

Hand Weapons
 a - a +0 spear (weapon)
Missiles
 g - 20 poisoned darts (quivered)
 i - 122 stones
Armour
 d - a +0 robe (worn)
 k - a +0 pair of gloves (worn)
 p - a +0 scale mail
Jewellery
 e - a ring of protection from cold (left hand)
 j - a ring of protection from fire (right hand)
 w - an uncursed amulet of harm {unknown}
Wands
 l - a wand of flame (57)
 n - a wand of polymorph (3)
 s - a wand of random effects (13)
Scrolls
 b - a scroll of magic mapping {unknown}
 f - a scroll of immolation {unknown}
 h - 3 scrolls of remove curse {unknown}
 o - a scroll of fear {unknown}
 r - a scroll of enchant armour {unknown}
 v - 2 scrolls of identify {unknown}
Potions
 m - a potion of agility
 q - a potion of degeneration
 x - a potion of heal wounds {unknown}
Comestibles
 c - 5 rations


   Skills:
 * Level 2.0 Fighting
 * Level 2.7 Polearms
 * Level 2.0 Armour
 + Level 2.2 Dodging
 - Level 2.4 Stealth
 + Level 0.1 Unarmed Combat
 + Level 3.3 Spellcasting
 * Level 2.0 Conjurations
 * Level 5.5 Poison Magic


You had one spell level left.
You knew the following spells:

 Your Spells              Type           Power        Failure   Level  Hunger
a - Sting                 Conj/Pois      ####         1%          1    None
b - Poisonous Vapours     Pois/Air       ###...       1%          2    ##.....
c - Mephitic Cloud        Conj/Pois/Air  ###.....     2%          3    ###....
d - Olgreb's Toxic Radia  Pois           ####....     1%          4    ####...

Your spell library contained the following spells:

 Spells                   Type           Power        Failure   Level  Hunger
 Venom Bolt               Conj/Pois      ####......   11%         5    ######.


Dungeon Overview and Level Annotations

Branches:
Dungeon (4/15)
 Temple: D:4-7

Altars:
Kikubaaqudgha

Annotations:
D:4 Eustachio


Innate Abilities, Weirdness & Mutations

You cannot be hasted, slowed, berserked, paralysed or teleported.
You can dig through walls and to a lower floor.
Your four strong arms can wield two-handed weapons with a shield.
You have a pair of large antennae on your head. (SInv)


Message History

* * * LOW HITPOINT WARNING * * *
You feel clumsy.
The quasit claws you but does no damage.
A shaft appears beneath you!
You fall into a shaft and drop 1 floor!
The shaft crumbles and collapses. 2 orcs and 2 orc priests come into view.
The orc priest shouts! x2; The orc shouts! x2
Found a robe.
Okay, then.
It was a potion of degeneration.
There was something very wrong with that liquid.
You feel weakened.
You feel dopey.
You feel clumsy.
The orc priest hits you but does no damage.
The orc priest casts a cantrip, but nothing happens.
It was a potion of brilliance.
You feel clever all of a sudden.
It was a potion of magic.
Magic courses through your body. The orc priest barely misses you.
The orc hits you with a +0 falchion.
You die...

##. . ... ..
.[ ... .. ...
.### .. ..# #
.##.#.#o#.#..#
.......@oo...#
......#o#.#.##
.##.. #.. ..
#. #... .# #
+...+ .. #...#
## #...# #...#


You could see 2 orc priests and 2 orcs.

Vanquished Creatures
  A bullfrog skeleton (D:4)
  An iguana (D:3)
  Terence (D:2)
  Natasha (thrice) (D:2)
  6 adders
  3 dart slugs
  4 leopard geckos
  3 orcs (D:3)
  6 giant cockroaches
  9 goblins
  18 hobgoblins
  11 jackals
  12 kobolds
  4 quokkas
  2 ball pythons
  9 bats
  4 frilled lizards
  12 rats
109 creatures vanquished.

Notes
Turn   | Place    | Note
-------+----------+-------------------------------------------
     0 | D:1      | Bronimir the Formicid Venom Mage began the quest for the
                  | Orb.
     0 | D:1      | Reached XP level 1. HP: 13/13 MP: 3/3
   109 | D:1      | Reached skill level 1 in Conjurations
   147 | D:1      | Reached XP level 2. HP: 18/19 MP: 1/5
   616 | D:1      | Reached XP level 3. HP: 25/25 MP: 3/6
   756 | D:1      | Learned a level 2 spell: Poisonous Vapours
   760 | D:1      | Learned a level 3 spell: Mephitic Cloud
  1564 | D:2      | Noticed Terence
  1583 | D:2      | Killed Terence
  1583 | D:2      | Reached skill level 1 in Fighting
  1583 | D:2      | Reached skill level 1 in Polearms
  1583 | D:2      | Reached XP level 4. HP: 23/32 MP: 0/7
  1700 | D:2      | Reached skill level 1 in Armour
  1861 | D:2      | Reached XP level 5. HP: 37/37 MP: 2/8
  1897 | D:2      | Reached skill level 5 in Poison Magic
  1945 | D:2      | Noticed Natasha
  2102 | D:2      | Killed Natasha
  2110 | D:2      | Noticed Natasha
  2119 | D:2      | HP: 1/37 [Natasha (6)]
  2120 | D:2      | Killed Natasha
  2427 | D:2      | Noticed Natasha
  2447 | D:2      | Killed Natasha
  2447 | D:2      | Reached XP level 6. HP: 21/43 MP: 0/10
  2982 | D:2      | Found an ancient bone altar of Kikubaaqudgha.
  4150 | D:3      | Learned a level 4 spell: Olgreb's Toxic Radiance
  4356 | D:4      | Noticed Eustachio
  4427 | D:4      | You fall into a shaft and drop 1 floor!
  4427 | D:5      | Entered Level 5 of the Dungeon
  4430 | D:5      | Slain by an orc

Levels and vault maps discovered:
D:1:      dpeg_arrival_rhombus, layout_basic, chequers_serial_rivers_micro_b
D:2:      layout_basic, kiku_gazebo_pond_becter, serial_rivers,
          chequers_serial_rivers_large_b, chequers_serial_rivers_micro_a,
          chequers_serial_rivers_micro_a, chequers_serial_rivers_micro_e,
          uniq_natasha, uniq_terence
D:3:      layout_basic
D:4:      layout_rooms, amethyst_overflow_temple_binary, temple_fountains,
          serial_shops, shop, first_ration, uniq_eustachio
D:5:      layout_basic, serial_shops, nicolae_shop_waterfront

Skill      XL: |  1  2  3  4  5  6 |
---------------+-------------------+-----
Conjurations   | 1 2 |  2.0
Dodging        | 2 |  2.2
Fighting       | 1 2 |  2.0
Polearms       | 1 2 |  2.7
Armour         | 1 2 |  2.0
Poison Magic   | 5 |  5.5
Spellcasting   | 3 |  3.3
Stealth        | |  2.4
Unarmed Combat | |  0.1

Action                   |  1- 3 |  4- 6 || total
-------------------------+-------+-------++-------
Melee: Unarmed           |    18 |       ||    18
       Spear             |    82 |   139 ||   221
       Punch             |     1 |       ||     1
 Cast: Sting             |    35 |     7 ||    42
       Poisonous Vapours |     2 |    52 ||    54
       Mephitic Cloud    |       |     9 ||     9
 Abil: Shaft Self        |       |     1 ||     1
  Use: Potion            |       |     3 ||     3
 Stab: Sleeping          |     3 |     2 ||     5
       Confused          |       |     2 ||     2
  Eat: Chunk             |     2 |    11 ||    13
       Ration            |       |     1 ||     1
Armor: Robe              |    28 |    23 ||    51
Dodge: Dodged            |    64 |    90 ||   154
